 Dungeon Sprint DCSS version 0.31-a0-818-ge7c7cf74f0 (webtiles) character file.

Game seed: 9438466888964776251

826 Conn the Arsonist (level 7, 0/41 HPs)
             Began as an Octopode Fire Elementalist on Sept 23, 2023.
             Was a High Priest of Sif Muna.
             Slain by a red devil
             ... wielding a +0 trident
              (19 damage)
             ... in the Dungeon (Sprint VII: "The Pits").
             The game lasted 00:05:11 (989 turns).

Conn the Arsonist (Octopode Fire Elementalist)       Turns: 989, Time: 00:05:11

Health: 0/41       AC:  1    Str:  7    XL:     7   Next: 96%
Magic:  7/18       EV: 14    Int: 20    God:    Sif Muna [*****.]
Gold:   0          SH:  0    Dex: 12    Spells: 11/21 levels left

rFire   . . .        k - +2 quarterstaff (protect)
rCold   . . .        (shield currently unavailable)
rNeg    . . .        (helmet restricted)
rPois   .            (no amulet)
rElec   .            (no ring)
rCorr   .            (no ring)
SInv    .            (no ring)
Will    .....        (no ring)
Stlth   +++          (no ring)
HPRegen 0.26/turn    (no ring)
MPRegen 0.16/turn    (no ring)
                     (no ring)

%: no teleportation
@: no status effects
A: almost no armour, amphibious, 8 rings, camouflage 1, gelatinous body 1,
(nimble swimmer 1), tentacles
a: Renounce Religion, Channel Magic, Forget Spell, Divine Exegesis


You were in the Dungeon.
You worshipped Sif Muna.
Sif Muna was extremely pleased with you.
You visited 1 branch

Inventory:

Hand Weapons
 k - a +2 quarterstaff of protection (weapon)
Scrolls
 f - a scroll of blinking
 h - 2 scrolls of vulnerability
 i - 5 scrolls of amnesia
 j - a scroll of butterflies
Potions
 a - 5 potions of magic
 b - 5 potions of curing
 c - 6 potions of heal wounds
 d - a potion of haste
 e - 3 potions of berserk rage
 g - 2 potions of invisibility


   Skills:
 + Level 0.1 Staves
 + Level 4.6 Dodging
 - Level 3.2 Stealth
 - Level 0.6 Unarmed Combat
 + Level 7.5 Spellcasting
 * Level 6.9 Conjurations
 + Level 1.8 Hexes
 + Level 10.6 Fire Magic
 * Level 7.4 Invocations


You had 11 spell levels left.
You knew the following spells:

 Your Spells              Type           Power      Damage    Failure   Level
a - Foxfire               Conj/Fire      100%       2x1d9     1%          1
b - Scorch                Fire           100%       2d9       1%          2
c - Inner Flame           Hex/Fire       32%        N/A       1%          3
d - Flame Wave            Conj/Fire      42%        2d11      2%          4

Your spell library contained the following spells:

 Spells                   Type           Power      Damage    Failure   Level
 Kiss of Death            Conj/Necr      84%        2d11      2%          1
 Volatile Blastmotes      Fire/Tloc      56%        2d14      3%          3
 Freeze                   Ice            28%        1d5       9%          1
 Necrotise                Necr           28%        1d5       9%          1
 Animate Dead             Necr           7%         N/A       65%         4
 Freezing Cloud           Conj/Ice/Air   8%         6-21      67%         5
 Death Channel            Necr           3%         N/A       100%        6
 Haunt                    Necr/Summ      3%         N/A       100%        7


Dungeon Overview and Level Annotations

Branches:
Dungeon (1/1)

Altars:
Ashenzari
Cheibriados
Dithmenos
Elyvilon
Fedhas
Gozag
Hepliaklqana
Kikubaaqudgha
Makhleb
Nemelex Xobeh
Okawaru
Qazlal
Ru
Sif Muna
Trog
Uskayaw
Vehumet
Wu Jian
Xom
Yredelemnul
Zin
The Shining One
Jiyva
Lugonu


Innate Abilities, Weirdness & Mutations

You cannot wear most types of armour.
You are amphibious.
You can wear up to eight rings at the same time.
Your skin changes colour to match your surroundings (Stealth+).
Your rubbery body absorbs attacks. (AC +1, EV +1)
((You are camouflaged when in or above water. (Stealth+)))
You have tentacles for arms and can constrict up to eight enemies at once.


Message History

The bat is filled with an inner flame.
Casting: Inner Flame (safe; 1% risk of failure)
Confirm with . or Enter, or press ? or * to list all spells.
You conjure some foxfire!
The bat closely misses you.
Unknown command.
Your foxfire dissipates!
The foxfire hits the bat.
Flame seeps out of the bat.
The bat is severely wounded.
The bat is engulfed in blazing flames.
Sif Muna accepts your kill.
The bat explodes!
There is an open door here.
You see here a jackal skeleton.
Unknown command.
A sea snake comes into view.
The sea snake is engulfed in blazing flames.
Casting: Foxfire (safe; 1% risk of failure)
Confirm with . or Enter, or press ? or * to list all spells.
Flames lash the sea snake.
The sea snake is moderately wounded.
The sea snake's fire resistance burns away.
Unknown command.
Casting: Scorch (safe; 1% risk of failure)
Confirm with . or Enter, or press ? or * to list all spells.
Flames lash the sea snake.
The sea snake is burned terribly!
The sea snake is heavily wounded.
Unknown command.
Casting: Scorch (safe; 1% risk of failure)
Confirm with . or Enter, or press ? or * to list all spells.
Casting: Flame Wave (dangerous; 2% risk of failure)
Press: ? - help, Dir - look around, f - activate A wave of flame ripples out!
The flame wave engulfs the sea snake!
The sea snake is burned terribly!
The sea snake is severely wounded. (Press . to intensify the flame waves.)
The sea snake is engulfed in blazing flames.
The sea snake bites you!!
Ouch! That really hurt!
The red devil hits you from afar with a +0 trident!!
You die...

#†#...)).[.##.......#
#'###########.......#
#)......#.)##########
#...#...#)######
#...#...#)#....#
#.##.##.#§#§...#
#...#...#§4§..4+
#...#...#S#
#.......@.#
###########


You could see a sea snake (combustible) and a red devil.

Vanquished Creatures
  A black mamba (D)
  A warg (D)
  A floating eye (D)
  A gnoll sergeant (D)
  A necrophage (D)
  A wight (D)
  A crimson imp (D)
  5 gnolls (D)
  A river rat (D)
  2 adders (D)
  An ufetubus (D)
  An orc (D)
  A bat zombie (D)
  An endoplasm (D)
  A goblin (D)
  2 hobgoblins (D)
  3 jackals (D)
  2 bats (D)
  2 kobolds (D)
29 creatures vanquished.

Vanquished Creatures (others)
  31 foxfires (D)
31 creatures vanquished.

Grand Total: 60 creatures vanquished

Notes
Turn   | Place    | Note
-------+----------+-------------------------------------------
     0 | D        | Conn the Octopode Fire Elementalist began the quest for the
                  | Orb.
     0 | D        | Reached XP level 1. HP: 11/11 MP: 3/3
    40 | D        | Found a bloodstained altar of Trog.
    40 | D        | Found a shimmering blue altar of Sif Muna.
    40 | D        | Found a viscous altar of Jiyva.
    40 | D        | Found a hazy altar of Hepliaklqana.
    40 | D        | Found an opulent altar of Gozag.
    41 | D        | Found a glowing golden altar of the Shining One.
    41 | D        | Found a glowing silver altar of Zin.
    41 | D        | Found a basalt altar of Yredelemnul.
    41 | D        | Found a shimmering altar of Xom.
    41 | D        | Found an ornate altar of the Wu Jian Council.
    41 | D        | Found a sacrificial altar of Ru.
    41 | D        | Found a stormy altar of Qazlal.
    41 | D        | Found an iron altar of Okawaru.
    41 | D        | Found a sparkling altar of Nemelex Xobeh.
    41 | D        | Found a burning altar of Makhleb.
    41 | D        | Found a blossoming altar of Fedhas.
    41 | D        | Found a white marble altar of Elyvilon.
    41 | D        | Found a shadowy altar of Dithmenos.
    41 | D        | Found a snail-covered altar of Cheibriados.
    43 | D        | Found a corrupted altar of Lugonu.
    43 | D        | Found a radiant altar of Vehumet.
    44 | D        | Found an ancient bone altar of Kikubaaqudgha.
    44 | D        | Found a hide-covered altar of Uskayaw.
    44 | D        | Found a broken altar of Ashenzari.
    49 | D        | Became a worshipper of Sif Muna the Loreminder
    65 | D        | Reached skill level 4 in Fire Magic
    65 | D        | Reached XP level 2. HP: 17/17 MP: 0/5
    68 | D        | Learned a level 2 spell: Scorch
   118 | D        | Noticed a floating eye
   123 | D        | Reached skill level 1 in Invocations
   126 | D        | Paralysed by a floating eye for 3 turns
   131 | D        | Killed a floating eye
   131 | D        | Reached * piety under Sif Muna
   132 | D        | Reached skill level 6 in Fire Magic
   132 | D        | Reached XP level 3. HP: 21/21 MP: 0/8
   132 | D        | Reached XP level 4. HP: 27/27 MP: 0/10
   132 | D        | Reached XP level 5. HP: 31/31 MP: 0/11
   227 | D        | Learned a level 3 spell: Inner Flame
   232 | D        | Learned a level 4 spell: Flame Wave
   237 | D        | Reached ** piety under Sif Muna
   238 | D        | Reached skill level 7 in Fire Magic
   437 | D        | Noticed a warg
   439 | D        | Reached *** piety under Sif Muna
   439 | D        | Killed a warg
   440 | D        | Reached skill level 5 in Spellcasting
   440 | D        | Reached skill level 8 in Fire Magic
   440 | D        | Reached skill level 5 in Invocations
   440 | D        | Reached XP level 6. HP: 36/36 MP: 0/14
   494 | D        | Reached **** piety under Sif Muna
   495 | D        | Reached skill level 5 in Conjurations
   495 | D        | Reached skill level 9 in Fire Magic
   535 | D        | Reached ***** piety under Sif Muna
   535 | D        | Identified Sif Muna's Incunabulum of Snow-white Diablerie
                  | (Sif Muna gifted it to you in the Dungeon)
   535 | D        | Received a gift from Sif Muna
   690 | D        | Reached skill level 1 in Hexes
   779 | D        | Reached XP level 7. HP: 41/41 MP: 11/16
   811 | D        | Noticed a black mamba
   814 | D        | Killed a black mamba
   815 | D        | Reached skill level 10 in Fire Magic
   981 | D        | Noticed a red devil
   985 | D        | Noticed a sea snake
   989 | D        | Slain by a red devil

Illustrated notes

Levels and vault maps discovered:
D:        pitsprint [storerooms_1, entrance_room_1, metal_vault_3, armoury_3,
          mini_pit_1, grid_room_1, main_hall_1, silver_pit, the_coven_2,
          the_vestibule_1, steel_vault_3, golden_pit, hallway_of_sentries,
          crystal_vault_1, iron_vault_1, final_vault]

Skill      XL: |  1  2  3  4  5  6  7 |
---------------+----------------------+-----
Stealth        | 3 |  3.2
Fire Magic     | 4 6 8 9 10 | 10.6
Invocations    | 3 5 6 7 |  7.4
Dodging        | 3 4 |  4.6
Spellcasting   | 4 5 6 7 |  7.5
Conjurations   | 3 4 5 6 |  6.9
Hexes          | 1 |  1.8
Staves         | |  0.1
Unarmed Combat | |  0.6

Action                     |  1- 3 |  4- 6 |  7- 9 || total
---------------------------+-------+-------+-------++-------
  Melee: Unarmed           |     4 |       |       ||     4
         Constrict         |     2 |       |     2 ||     4
         Tentacles         |     2 |       |       ||     2
         Quarterstaff      |       |     1 |     5 ||     6
   Cast: Foxfire           |     9 |    10 |     1 ||    20
         Scorch            |     1 |     5 |     4 ||    10
         Inner Flame       |       |     5 |     2 ||     7
         Flame Wave        |       |     2 |     2 ||     4
    Use: Potion            |       |       |     1 ||     1
 Armour: Skin              |       |     7 |     5 ||    12
  Dodge: Dodged            |       |     9 |     6 ||    15

Table legend: (Time is in decaauts)
 A = Elapsed time spent in this place.
 B = Non-inter-level travel time spent in this place.
 C = Inter-level travel time spent in this place.
 D = Time resting spent in this place.
 E = Time spent auto-exploring this place.
 F = Levels seen in this place.
 G = Mean time per level.
                   A        B        C        D        E       F      G
               +--------+--------+--------+--------+--------+-----+--------+
         Total |    990 |    990 |      0 |    590 |      0 |   1 |  990.0 |
       Dungeon |    990 |    990 |      0 |    590 |      0 |   1 |  990.0 |
               +--------+--------+--------+--------+--------+-----+--------+

Top non-repeatable levels by time:
       D: 990 daAuts
